 Dungeon Crawl Stone Soup version 0.27.0-1-g7a089689b8 (webtiles) character file.

Game seed: 150091142976070061

22 Smaepdii the Ruffian (level 2, 0/26 HPs)
             Began as a Ghoul Monk on Aug 5, 2021.
             Slain by a jackal (1 damage)
             ... on level 1 of the Dungeon.
             The game lasted 00:03:12 (952 turns).

Smaepdii the Ruffian (Ghoul Monk)                    Turns: 952, Time: 00:03:13

Health: 0/26       AC:  2    Str: 14    XL:     2   Next: 91%
Magic:  1/1        EV: 12    Int:  5    God:
Gold:   18         SH:  0    Dex: 11    Spells: 1/1 levels left

rFire    . . .     SeeInvis .     - Unarmed
rCold    + . .     Faith    .   (no shield)
rNeg     + + +     Spirit   .   a - +0 robe
rPois    ∞         Reflect  .   (no helmet)
rElec    .         Harm     .   (no cloak)
rCorr    .         Rampage  .   (no gloves)
Will     .....                  (no boots)
Stlth    ++........             (no amulet)
HPRegen  0.00/turn              (no ring)
MPRegen  0.07/turn              (no ring)

@: inhibited regen
A: claws 1, cold resistance 1, negative energy resistance 3, inhibited
regeneration, torment resistance 2
a: no special abilities


You were on level 1 of the Dungeon.
You visited 1 branch of the dungeon, and saw 2 of its levels.

You collected 18 gold pieces.

Inventory:

Armour
 a - a +0 robe (worn)
 c - a +0 pair of gloves
Scrolls
 b - a scroll of teleportation {unknown}
 d - 2 scrolls of magic mapping {unknown}
 f - 2 scrolls of identify {unknown}
 h - a scroll of enchant armour {unknown}
Potions
 e - a potion of attraction {unknown}
 g - a potion of ambrosia {unknown}


   Skills:
 + Level 3.6 Fighting
 + Level 2.9 Dodging
 - Level 2.6 Stealth
 * Level 3.6 Unarmed Combat


You had one spell level left.
You didn't know any spells.
Your spell library was empty.

Dungeon Overview and Level Annotations

Branches:
Dungeon (2/15)

Altars:


Innate Abilities, Weirdness & Mutations

You thrive by killing the living.
You are immune to poison.
You have sharp fingernails.
Your flesh is cold resistant. (rC+)
You are immune to negative energy. (rN+++)
You do not regenerate when monsters are visible.
You are immune to unholy pain and torment.


Message History

The hobgoblin closely misses you. The frilled lizard barely misses you.
You climb upwards.
There is a stone staircase leading down here.
You claw the hobgoblin!
You kill the hobgoblin!
You feel better. The frilled lizard barely misses you.
You scratch the frilled lizard.
You kill the frilled lizard!
You feel better.
There is a stone staircase leading down here.
You climb downwards.
The adder bites you. The jackal bites you. The adder bites you.
There is a stone staircase leading up here.
You barely miss the adder. The jackal barely misses you.
The adder closely misses you. The jackal misses you.
You closely miss the adder. The adder closely misses you.
The jackal bites you but does no damage.
You closely miss the adder. The adder barely misses you. The jackal misses you.
The adder bites you but does no damage.
You closely miss the adder. The jackal barely misses you.
The adder bites you but does no damage. The jackal closely misses you.
You scratch the adder but do no damage. The adder bites you.
* * * LOW HITPOINT WARNING * * *
The jackal bites you.
* * * LOW HITPOINT WARNING * * *
The adder misses you. The jackal barely misses you.
You climb upwards.
There is a stone staircase leading down here.
You miss the adder. The jackal barely misses you. The adder barely misses you.
The jackal bites you.
* * * LOW HITPOINT WARNING * * *
The adder misses you.
You closely miss the adder. The jackal barely misses you. The adder misses you.
You scratch the adder but do no damage. The jackal misses you.
The adder bites you.
* * * LOW HITPOINT WARNING * * *
You claw the adder!
The adder is severely wounded.
The jackal bites you.
You die...

#....... #.......
#....... #.......
#....... #####.......
#..†'.......
###########.###.......
#...h@S...............
#.################.#..
#.# #.#.# #.# #.#.#
#.# ###.#.. #.#
#...... #.# #[.)...
#.# #...).. #.#
#......


You could see an adder and a jackal.

Vanquished Creatures
  2 ball pythons (D:1)
  2 bats (D:1)
  2 endoplasms (D:1)
  2 giant cockroaches (D:1)
  A hobgoblin (D:1)
  4 jackals
  A kobold (D:2)
  2 quokkas (D:1)
  A frilled lizard (D:1)
  A rat (D:2)
18 creatures vanquished.

Notes
Turn   | Place    | Note
-------+----------+-------------------------------------------
     0 | D:1      | Smaepdii the Ghoul Monk began the quest for the Orb.
     0 | D:1      | Reached XP level 1. HP: 19/19 MP: 0/0
   116 | D:1      | Reached XP level 2. HP: 21/26 MP: 1/1
   399 | D:1      | HP: 1/26 [jackal (1)]
   951 | D:1      | HP: 1/26 [adder (2)]
   952 | D:1      | Slain by a jackal

Illustrated notes

Levels and vault maps discovered:
D:1:      dpeg_arrival_radiant, layout_basic, roderic_roman_lattice
D:2:      layout_basic, basic_altar, chequers_big_river, minmay_rat_hole

Action                   || total
-------------------------++-------
Melee: Unarmed           ||    61
 Stab: Sleeping          ||     1
Armor: Robe              ||    14
Dodge: Dodged            ||    58
